 Dungeon Crawl Stone Soup version 0.17.1-1-g73c8601 (webtiles) character file.

14 Implojin the Ruffian (level 2, 0/29 HPs)
             Began as a Troll Fighter on Apr 3, 2016.
             Slain by an iguana (11 damage)
             ... on level 4 of the Dungeon.
             The game lasted 00:01:58 (487 turns).

Implojin the Ruffian (Troll Fighter)                 Turns: 487, Time: 00:01:59

Health: 0/29       AC:  5    Str: 23    XL:     2   Next: 31%
Magic:  1/1        EV: 11    Int:  4    God:
Gold:   13         SH:  8    Dex:  9    Spells: 0 memorised, 1 level left

rFire  . . .     SeeInvis .       - Unarmed
rCold  . . .     Clarity  .     a - +0 robe
rNeg   . . .     SustAt   .     b - +0 shield
rPois  .         Gourm    +     (helmet restricted)
rElec  .         Spirit   .     (no cloak)
rCorr  .         Warding  .     (gloves unavailable)
rMut   .         Stasis   .     (boots unavailable)
MR     .....                    (no amulet)
Stlth  +.........               (no ring)
                                k - +3 ring of evasion

@: not resistant to hostile enchantments, very unstealthy
A: unfitting armour, claws 3, fast metabolism 3, gourmand, regeneration 2,
shaggy fur 1, tough skin 2
a: no special abilities


You were on level 4 of the Dungeon.
You were full.

You visited 1 branch of the dungeon, and saw 4 of its levels.

You collected 13 gold pieces.

Inventory:

Armour
 a - a +0 robe (worn)
 b - a +0 shield (worn)
Jewellery
 k - a +3 ring of evasion (left claw)
Scrolls
 f - a scroll of enchant armour {unknown}
 g - a scroll of enchant weapon {unknown}
 h - a scroll of identify {unknown}
Potions
 c - 2 potions of might
 e - 2 potions of haste {unknown}
 i - a potion of curing {unknown}
 j - a potion of heal wounds {unknown}
Comestibles
 d - 2 bread rations


   Skills:
 - Level 2.4 Fighting
 - Level 2.4 Dodging
 - Level 2.4 Shields
 * Level 3.0 Unarmed Combat


You had one spell level left.
You didn't know any spells.

Dungeon Overview and Level Annotations

Branches:
Dungeon (4/15)
 Temple: D:4-7

Altars:


Innate Abilities, Weirdness & Mutations

You are too large for most types of armour.
You have claws for hands.
Your metabolism is lightning-fast.
You like to eat raw meat.
You heal very quickly.
You are covered in fur (AC +1).
You have very tough skin (AC +2).


Message History

There is a stone staircase leading down here.
You block the goblin's attack. The goblin hits you but does no damage.
You climb downwards.
Found an escape hatch in the ceiling.
There is a stone staircase leading up here.
You barely miss the goblin. The goblin misses you.
The goblin hits you but does no damage.
You claw the goblin!
You kill the goblin!
Your Unarmed Combat skill increases to level 3!
The goblin hits you.
You claw the goblin!
You kill the goblin!
Found 13 gold pieces.
You now have 13 gold pieces.
An iguana comes into view.
Found a spear.
Found an escape hatch in the floor.
The iguana hisses angrily.
You closely miss the iguana. You block the iguana's attack.
You closely miss the iguana. The iguana bites you!
You claw the iguana!
The iguana is heavily wounded.
The iguana closely misses you.
You scratch the iguana but do no damage.
The iguana is heavily wounded.
You block the iguana's attack.
You closely miss the iguana.
The iguana is heavily wounded.
The iguana bites you!
* * * LOW HITPOINT WARNING * * *
You block the iguana's attack.
You barely miss the iguana.
The iguana is heavily wounded.
The iguana bites you.
* * * LOW HITPOINT WARNING * * *
You barely miss the iguana.
The iguana is heavily wounded.
The iguana bites you!
You die...

## ## . . .#.
#.# #l## #####
#######@.###....
#>..............
..######.###.##
#.#.#.# #..#..#
.# ##.###.## .#
#.######.## ##.#
.#
#.........###.##
.#
#.######)#.#..#
.#


You could see an iguana.

Vanquished Creatures
  A giant gecko (D:1)
  2 bats
  5 goblins
  2 hobgoblins
  A giant newt (D:3)
  A kobold (D:3)
  A rat (D:3)
13 creatures vanquished.

Notes
Turn   | Place    | Note
--------------------------------------------------------------
     0 | D:1      | Implojin the Troll Fighter began the quest for the Orb.
     0 | D:1      | Reached XP level 1. HP: 22/22 MP: 0/0
   189 | D:3      | Reached XP level 2. HP: 29/29 MP: 1/1
   457 | D:4      | Reached skill level 3 in Unarmed Combat
   487 | D:4      | Slain by an iguana

Action                   || total
-------------------------++-------
Melee: Unarmed           ||    31
  Eat: Chunk             ||     6

Table legend:
 A = Turns spent in this place as a percentage of turns spent in the entire game.
 B = Non-inter-level travel turns spent in this place as a percentage of non-inter-level travel turns spent in the entire game.
 C = Inter-level travel turns spent in this place as a percentage of turns spent in this place.
 D = Turns resting spent in this place as a percentage of non-inter-level travel turns spent in this place.
 E = Turns spent auto-exploring this place as a percentage of non-inter-level travel turns spent in this place.
 F = Non-inter-level travel turns spent in this place divided by the number of levels of this place that you've seen.
                   A       B       C       D       E      F
               +-------+-------+-------+-------+-------+----------------------
         Total | 100.0 | 100.0 |   0.0 |   0.0 |   0.0 | 110.8
       Dungeon | 100.0 | 100.0 |   0.0 |   0.0 |   0.0 | 110.8
               +-------+-------+-------+-------+-------+----------------------

Table legend:
 A = Kills in this place as a percentage of kills in entire the game.
 B = Kills by you in this place as a percentage of kills by you in the entire game.
 C = Kills by friends in this place as a percentage of kills by friends in the entire game.
 D = Other kills in this place as a percentage of other kills in the entire game.
 E = Experience gained in this place as a percentage of experience gained in the entire game.
 F = Experience gained in this place divided by the number of levels of this place that you have seen.
                   A       B       C       D       E      F
               +-------+-------+-------+-------+-------+----------------------
         Total | 100.0 | 100.0 |  -nan |  -nan | 100.0 |   5.2
       Dungeon | 100.0 | 100.0 |  -nan |  -nan | 100.0 |   5.2
               +-------+-------+-------+-------+-------+----------------------
